 Dungeon Crawl Stone Soup version 0.27-a0-1272-g7c8ad2e407 (webtiles) character file.

Game seed: 4759869321183910606

215 dfl the Digger (level 5, -2/28 HPs)
             Began as a Gargoyle Earth Elementalist on June 11, 2021.
             Splashed by Ijyb's acid (14 damage)
             ... on level 3 of the Dungeon.
             The game lasted 00:05:51 (4176 turns).

dfl the Digger (Gargoyle Earth Elementalist)        Turns: 4176, Time: 00:05:52

Health: -2/28      AC:  7    Str: 11    XL:     5   Next: 92%
Magic:  0/10       EV: 11    Int: 17    God:
Gold:   135        SH:  0    Dex: 10    Spells: 2/11 levels left

rFire    . . .     SeeInvis .   i - +1 dagger (protect)
rCold    . . .     Faith    .   (no shield)
rNeg     + . .     Spirit   .   c - +0 robe
rPois    ∞         Reflect  .   l - +1 helmet
rElec    +         Harm     .   (no cloak)
rCorr    .         Rampage  .   (no gloves)
Will     .....                  m - +2 pair of boots
Stlth    ++........             (no amulet)
HPRegen  0.09/turn              (no ring)
MPRegen  0.12/turn              (no ring)

@: corroded, very slightly contaminated
A: sickness immunity, AC +4, negative energy resistance 1, electricity
resistance, torment resistance 1, petrification resistance
a: no special abilities


You were on level 3 of the Dungeon.
You visited 1 branch of the dungeon, and saw 3 of its levels.

You collected 135 gold pieces.

Inventory:

Hand Weapons
 d - a +0 dagger
 e - a +0 short sword
 i - a +1 dagger of protection (weapon)
Missiles
 b - 30 stones
Armour
 c - a +0 robe (worn)
 l - a +1 helmet (worn)
 m - a +2 pair of boots (worn)
Scrolls
 a - a scroll of amnesia
Potions
 f - a potion of flight {unknown}
 g - a potion of lignification {unknown}
 h - 2 potions of cancellation
 j - a potion of degeneration {unknown}
 o - 2 potions of curing


   Skills:
 - Level 1.5 Dodging
 - Level 2.1 Stealth
 + Level 3.7 Spellcasting
 + Level 2.6 Conjurations
 - Level 0.7 Transmutations
 + Level 5.5 Earth Magic


You had 2 spell levels left.
You knew the following spells:

 Your Spells              Type           Power      Damage    Failure   Level
a - Sandblast             Erth           42%        2d11      1%          1
b - Stone Arrow           Conj/Erth      34%        3d9       9%          3
c - Lee's Rapid Deconstr  Erth           10%        3d9*      43%         5

Your spell library contained the following spells:

 Spells                   Type           Power      Damage    Failure   Level
 Magic Dart               Conj           48%        1d5       5%          1
 Passwall                 Tmut/Erth      10%        N/A       7%          2
 Searing Ray              Conj           24%        3d4       9%          2
 Blink                    Tloc           N/A        N/A       24%         2
 Call Imp                 Summ           3%         N/A       24%         2
 Slow                     Hex            3%         N/A       24%         2
 Conjure Flame            Conj/Fire      7%         6-21      28%         3
 Dazzling Flash           Conj/Hex       14%        N/A       28%         3
 Mephitic Cloud           Conj/Pois/Air  6%         N/A       34%         3
 Petrify                  Tmut/Erth      13%        N/A       41%         4
 Fulminant Prism          Conj/Hex       3%         3d6       67%         4
 Iskenderun's Mystic Bla  Conj/Tloc      7%         2d4       67%         4


Dungeon Overview and Level Annotations

Branches:
Dungeon (3/15)

Altars:
Gozag

Annotations:
D:3 Ijyb


Innate Abilities, Weirdness & Mutations

You are immune to sickness and miasma.
Your stone body is resilient. (AC +4)
You are immune to poison.
You resist negative energy. (rN+)
You are resistant to electric shocks. (rElec)
You are resistant to unholy torment.
You are immune to petrification.


Message History

The spell is quite dangerous to cast (9% risk of failure)!
Continue anyway?
Aiming: Stone Arrow (quite dangerous; 9% risk of failure)
Press: ? - help, Shift-Dir - straight line, f - Ijyb
Aim: Ijyb, wielding a +4 club, wearing a +0 leather armour and carrying a wand of acid (6) (60% to hit)
You miscast Stone Arrow.
You are very lightly contaminated with residual magic.
Nothing appears to happen.
Casting: Stone Arrow (quite dangerous; 9% risk of failure)
Confirm with . or Enter, or press ? or * to list all spells.
Aiming: Sandblast (safe; 1% risk of failure)
Press: ? - help, Shift-Dir - straight line, f/p - Ijyb
Aim: Ijyb, wielding a +4 club, wearing a +0 leather armour and carrying a wand of acid (6) (76% to hit)
The blast of sand hits Ijyb.
Ijyb is lightly wounded.
Ijyb zaps a wand.
The bolt of acid misses you.
Unknown command.
Casting: Sandblast (safe; 1% risk of failure)
Confirm with . or Enter, or press ? or * to list all spells.
The spell is quite dangerous to cast (9% risk of failure)!
Continue anyway?
Okay, then.
Unknown command.
Casting: Stone Arrow (quite dangerous; 9% risk of failure)
Confirm with . or Enter, or press ? or * to list all spells.
The spell is quite dangerous to cast (9% risk of failure)!
Continue anyway?
Aiming: Stone Arrow (quite dangerous; 9% risk of failure)
Press: ? - help, Shift-Dir - straight line, f/p - Ijyb
Aim: Ijyb, wielding a +4 club, wearing a +0 leather armour and carrying a wand of acid (5) (lightly wounded, 60% to hit)
You miscast Stone Arrow.
Nothing appears to happen.
Ijyb closely misses you.
Casting: Stone Arrow (quite dangerous; 9% risk of failure)
Confirm with . or Enter, or press ? or * to list all spells.
The spell is quite dangerous to cast (9% risk of failure)!
Continue anyway?
Aiming: Stone Arrow (quite dangerous; 9% risk of failure)
Press: ? - help, Shift-Dir - straight line, f/p - Ijyb
Aim: Ijyb, wielding a +4 club, wearing a +0 leather armour and carrying a wand of acid (5) (lightly wounded, 60% to hit)
The stone arrow hits Ijyb!
Ijyb is heavily wounded.
Ijyb zaps a wand.
The bolt of acid hits you! The acid corrodes you!
You are splashed with acid!
Ouch! That really hurt!
You die...

#.......###
##.........##
#........#..#
####.####.####.#
##.)..# #..# #.#
### #..#### ##.#
#.# #.. ..##
#.##.##.# .##
#.....# ..#
##..@## #......
#....g# #######
#.##.##.# ..#
..# #.# #..
#..... ... #.#
>.# ##### ## #.#
## . .. .# .. .#


You could see Ijyb.

Vanquished Creatures
  A gnoll shaman (D:3)
  5 adders
  5 gnolls (D:3)
  2 worms (D:2)
  4 dart slugs
  9 endoplasms
  4 giant cockroaches
  7 goblins
  5 hobgoblins
  11 jackals
  4 quokkas
  4 ball pythons
  2 bats
  2 frilled lizards
  7 kobolds
  5 rats
77 creatures vanquished.

Notes
Turn   | Place    | Note
-------+----------+-------------------------------------------
     0 | D:1      | dfl the Gargoyle Earth Elementalist began the quest for the
                  | Orb.
     0 | D:1      | Reached XP level 1. HP: 10/10 MP: 3/3
   461 | D:1      | Reached skill level 4 in Earth Magic
   461 | D:1      | Reached XP level 2. HP: 15/15 MP: 3/5
  1649 | D:1      | Reached XP level 3. HP: 13/19 MP: 6/6
  1821 | D:1      | Learned a level 3 spell: Stone Arrow
  1901 | D:2      | Found an opulent altar of Gozag.
  2318 | D:2      | Reached skill level 1 in Conjurations
  2359 | D:2      | Reached XP level 4. HP: 18/24 MP: 6/8
  3529 | D:3      | Reached skill level 5 in Earth Magic
  3531 | D:3      | Reached XP level 5. HP: 16/28 MP: 3/9
  3633 | D:3      | Learned a level 5 spell: Lee's Rapid Deconstruction
  4168 | D:3      | Noticed Ijyb
  4176 | D:3      | Splashed by Ijyb's acid

Illustrated notes

Levels and vault maps discovered:
D:1:      amcnicky_arrival_wind_blow, layout_loops_ring,
          hangedman_decor_clover_reticule, bh_walls_and_bars
D:2:      wad_crossroads, layout_loops_ring, basic_altar
D:3:      layout_rooms, lemuel_crystal_altar, gammafunk_ghost_grave,
          chequers_ecumenical_altar_island, hex_intersection,
          small_statue_intersection, uniq_ijyb

Skill      XL: |  1  2  3  4  5 |
---------------+----------------+-----
Earth Magic    | 4 5 |  5.5
Conjurations   | 1 2 |  2.6
Spellcasting   | 3 |  3.7
Dodging        | |  1.5
Stealth        | |  2.1
Transmutations | |  0.7

Action                   |  1- 3 |  4- 6 || total
-------------------------+-------+-------++-------
Melee: Unarmed           |    10 |       ||    10
       Short sword       |    56 |       ||    56
       Dagger            |    44 |   261 ||   305
 Cast: Sandblast         |    26 |    14 ||    40
       Stone Arrow       |       |     1 ||     1
  Use: Scroll            |       |     6 ||     6
       Potion            |       |     2 ||     2
 Stab: Sleeping          |     3 |     5 ||     8
Armor: Robe              |    38 |   133 ||   171
Dodge: Dodged            |    63 |   176 ||   239

Table legend: (Time is in decaauts)
 A = Elapsed time spent in this place.
 B = Non-inter-level travel time spent in this place.
 C = Inter-level travel time spent in this place.
 D = Time resting spent in this place.
 E = Time spent auto-exploring this place.
 F = Levels seen in this place.
 G = Mean time per level.
                   A        B        C        D        E       F      G
               +--------+--------+--------+--------+--------+-----+--------+
         Total |   4179 |   4091 |     88 |    204 |   3052 |   3 | 1393.0 |
       Dungeon |   4179 |   4091 |     88 |    204 |   3052 |   3 | 1393.0 |
               +--------+--------+--------+--------+--------+-----+--------+

Top non-repeatable levels by time:
     D:1: 1847 daAuts
     D:2: 1573 daAuts
     D:3: 758 daAuts
